 Dungeon Crawl Stone Soup version 0.30-a0-824-g6c64550be9 (webtiles) character file.

Game seed: 12149752231118839919

60 Pimp the Sneak (level 4, -1/30 HPs)
             Began as an Octopode Brigand on Feb 27, 2023.
             Slain by an orc
             ... wielding a +0 flail
              (8 damage)
             ... on level 2 of the Dungeon.
             The game lasted 00:02:09 (1720 turns).

Pimp the Sneak (Octopode Brigand)                   Turns: 1720, Time: 00:02:09

Health: -1/30      AC:  1    Str: 10    XL:     4   Next: 6%
Magic:  4/4        EV: 12    Int: 13    God:
Gold:   106        SH:  3    Dex: 15    Spells: 3/3 levels left

rFire   . . .      SeeInvis .    a - +2 dagger
rCold   . . .      Faith    .    j - +0 buckler
rNeg    . . .      Spirit   .    (helmet restricted)
rPois   .          Reflect  .    (no amulet)
rElec   .          Harm     .    i - ring of wizardry
rCorr   .          Rampage  .    (no ring)
Will    .....                    (no ring)
Stlth   ++++                     (no ring)
HPRegen 0.25/turn                (no ring)
MPRegen 0.09/turn                (no ring)
                                 (no ring)
                                 (no ring)

@: no status effects
A: almost no armour, amphibious, 8 rings, camouflage 1, gelatinous body 1,
(nimble swimmer 1), tentacles
a: no special abilities


You were on level 2 of the Dungeon.
You visited 1 branch of the dungeon, and saw 3 of its levels.

You collected 106 gold pieces.

Inventory:

Hand Weapons
 a - a +2 dagger (weapon)
Missiles
 b - 18 poisoned darts (quivered)
 c - 3 curare-tipped darts
Armour
 j - a +0 buckler (worn)
Jewellery
 i - a ring of wizardry (left tentacle)
Scrolls
 d - 2 scrolls of blinking {unknown}
 e - 2 scrolls of identify {unknown}
 f - 2 scrolls of teleportation {unknown}
Potions
 g - a potion of heal wounds {unknown}
 h - 2 potions of curing {unknown}
 k - a potion of degeneration {unknown}
 l - a potion of flight {unknown}


   Skills:
 + Level 2.5 Fighting
 + Level 2.5 Short Blades
 + Level 2.5 Throwing
 + Level 1.8 Dodging
 + Level 5.8 Stealth


You had 3 spell levels left.
You didn't know any spells.
Your spell library was empty.

Dungeon Overview and Level Annotations

Branches:
Dungeon (3/15)

Altars:


Innate Abilities, Weirdness & Mutations

You cannot wear most types of armour.
You are amphibious.
You can wear up to eight rings at the same time.
Your skin changes colour to match your surroundings (Stealth+).
Your rubbery body absorbs attacks. (AC +1, EV +1)
((You are camouflaged when in or above water. (Stealth+)))
You have tentacles for arms and can constrict up to eight enemies at once.


Message History

The orc is almost dead.
The orc barely misses you. The orc misses you. You block the orc's attack.
A gnoll comes into view. It is wielding a +0 whip.
The gnoll shouts!
You hit the orc.
You kill the orc!
The orc completely misses you.
An orc comes into view. It is wielding a +0 short sword.
You block the orc's attack.
You have reached level 4!
The orc attacks as you move away! The orc closely misses you.
A giant cockroach comes into view.
The orc attacks as you move away! You block the orc's attack.
The orc attacks as you move away! The orc hits you with a +0 club.
The orc attacks as you move away! The orc hits you with a +0 whip.
There is a stone staircase leading up here.
The orc shouts!
You hit the orc but do no damage. Your grab misses the orc.
You squeeze the orc!
You kill the orc!
The orc barely misses you. The orc closely misses you.
You barely miss the orc. You grab the orc.
You constrict the orc, but do no damage.
The orc barely misses you. The orc hits you with a +0 flail.
A gnoll comes into view. It is wielding a +0 flail.
An adder comes into view.
You release your grip on the orc.
The gnoll shouts!
The giant cockroach closely misses you. The orc hits you with a +0 club.
The orc barely misses you.
The gnoll hits you from afar with a +0 spear. x2
* * * LOW HITPOINT WARNING * * *
You climb upwards.
There is a stone staircase leading down here.
You hit the orc. You grab the orc.
The orc is heavily wounded.
You constrict the orc, but do no damage.
The giant cockroach closely misses you. The orc hits you but does no damage.
The orc hits you with a +0 flail!
You die...

###.........###......#.##.#
###.........########.#.##.#
....##.####........#.#.##.#
....##.# ########.#.#....#
....##.# #.........####
....##.# #.#...#......#
....##(#######.#...#....#.#
....##.........B...#.#..#.#
...............o@#.#.####.#
....#######..#.#o#.#......#
....# #...##.###.########
##### #.####...#.# ##.#
###.#.# ####..# #.#.#
#....## #.#.# ####.####
#.#.# ##....##########.#.#


You could see 2 orcs and a giant cockroach.

Vanquished Creatures
  2 adders (D:2)
  3 orcs (D:3)
  5 ball pythons
  A bat (D:1)
  4 endoplasms
  A giant cockroach (D:2)
  4 hobgoblins
  3 quokkas (D:1)
  6 frilled lizards
  3 goblins (D:1)
  2 kobolds (D:1)
  4 rats
38 creatures vanquished.

Notes
Turn   | Place    | Note
-------+----------+-------------------------------------------
     0 | D:1      | Pimp the Octopode Brigand began the quest for the Orb.
     0 | D:1      | Reached XP level 1. HP: 14/14 MP: 1/1
   164 | D:1      | Reached XP level 2. HP: 16/19 MP: 2/2
   310 | D:1      | Found a faded altar of an unknown god.
   723 | D:1      | Reached XP level 3. HP: 24/24 MP: 3/3
  1714 | D:3      | Reached XP level 4. HP: 26/30 MP: 4/4
  1718 | D:3      | Noticed a water moccasin
  1720 | D:2      | Slain by an orc

Illustrated notes

Levels and vault maps discovered:
D:1:      amcnicky_arrival_single_pillar, layout_loops_ring,
          ebering_ecumenical_altar_webs
D:2:      layout_basic, serial_corexii_hall, chequers_hall_statues_y,
          chequers_hall_statues_wall_a, chequers_serial_rivers_small_a
D:3:      layout_basic, lemuel_coloured_pillars_altar, grunt_ministairs_2,
          chequers_garden

Action                     |  1- 3 |  4- 6 || total
---------------------------+-------+-------++-------
  Melee: Dagger            |    56 |     3 ||    59
         Constrict         |     8 |     2 ||    10
         Tentacles         |    11 |     1 ||    12
   Stab: Sleeping          |    18 |       ||    18
 Armour: Skin              |     1 |     1 ||     2
  Dodge: Dodged            |    27 |     7 ||    34
  Block: Buckler           |     4 |     1 ||     5

Table legend: (Time is in decaauts)
 A = Elapsed time spent in this place.
 B = Non-inter-level travel time spent in this place.
 C = Inter-level travel time spent in this place.
 D = Time resting spent in this place.
 E = Time spent auto-exploring this place.
 F = Levels seen in this place.
 G = Mean time per level.
                   A        B        C        D        E       F      G
               +--------+--------+--------+--------+--------+-----+--------+
         Total |   1714 |   1631 |     83 |     44 |   1303 |   3 |  571.3 |
       Dungeon |   1714 |   1631 |     83 |     44 |   1303 |   3 |  571.3 |
               +--------+--------+--------+--------+--------+-----+--------+

Top non-repeatable levels by time:
     D:2: 919 daAuts
     D:1: 778 daAuts
     D:3: 16 daAuts
